 Dungeon Crawl Stone Soup version 0.23-a0-14-g8c9a20f (webtiles) character file.

89 TheOrbIsALie the Conjurer (level 4, -1/30 HPs)
             Began as a Demonspawn Wizard on Aug 2, 2018.
             Killed by nerve-wracking pain
             ... invoked by Grinder
              (11 damage)
             ... on level 3 of the Dungeon.
             The game lasted 00:04:51 (2568 turns).

TheOrbIsALie the Conjurer (Demonspawn Wizard)       Turns: 2568, Time: 00:04:52

Health: -1/30      AC:  2    Str:  8    XL:     4   Next: 31%
Magic:  8/8        EV: 12    Int: 20    God:
Gold:   117        SH:  0    Dex: 11    Spells: 2/9 levels left

rFire    . . .     SeeInvis .   (no weapon)
rCold    . . .     Gourm    .   (no shield)
rNeg     . . .     Faith    .   a - +0 robe
rPois    .         Spirit   .   (helmet restricted)
rElec    .         Reflect  .   (no cloak)
rCorr    .         Harm     .   (no gloves)
MR       .....                  (no boots)
Stlth    ++........             (no amulet)
HPRegen  0.10/turn              (no ring)
MPRegen  0.11/turn              (no ring)

@: hasted, very quick
A: horns 1, powered by pain 1
a: no special abilities


You were on level 3 of the Dungeon.
You were not hungry.

You visited 1 branch of the dungeon, and saw 3 of its levels.

You collected 117 gold pieces.

Inventory:

Armour
 a - a +0 robe (worn)
 b - a +0 hat
 h - a +0 helmet
Scrolls
 c - a scroll of immolation {unknown}
 e - 2 scrolls of identify {unknown}
 f - a scroll of blinking {unknown}
 g - 2 scrolls of remove curse {unknown}
Comestibles
 d - 5 rations


   Skills:
 - Level 1.7 Dodging
 - Level 1.7 Stealth
 - Level 3.0 Spellcasting
 + Level 4.2 Conjurations
   Level 1.0 Summonings
   Level 0.8 Translocations


You had 2 spell levels left.
You knew the following spells:

 Your Spells              Type           Power        Failure   Level  Hunger
a - Magic Dart            Conj           ###.         2%          1    None
b - Conjure Flame         Conj/Fire      ##......     19%         3    ###....
c - Mephitic Cloud        Conj/Pois/Air  #.......     24%         3    ###....

Your spell library contained the following spells:

 Spells                   Type           Power        Failure   Level  Hunger
 Slow                     Hex            #.......     22%         2    ##.....
 Blink                    Tloc           N/A          16%         2    ##.....
 Call Imp                 Summ           #.......     14%         2    ##.....


Dungeon Overview and Level Annotations

Branches:
Dungeon (3/15)

Altars:
Ashenzari
Vehumet
Zin

Annotations:
D:3 Grinder


Innate Abilities, Weirdness & Mutations

You have a pair of small horns on your head.
You sometimes gain a little power by taking damage.


Message History

Grinder is heavily wounded.
Grinder gestures at you.
You suddenly lose the ability to move!
Grinder hits you!
You focus on the pain.
You feel your power returning.
You writhe in agony.
Grinder gestures at you.
You shrug off the repeated paralysis!
Grinder hits you.
You writhe in agony.
* * * LOW HITPOINT WARNING * * *
You can move again.
Unknown command.
It was a potion of curing.
You feel better. Grinder gestures at you. Pain shoots through your body!
* * * LOW HITPOINT WARNING * * *
It was a potion of haste.
You feel yourself speed up.
Grinder says, "I used to sell toenails on the black market."
Grinder gestures at you. Pain shoots through your body!
You die...

.......# .......# .......#
.......#
.......#####################
..................>........#
.....>.#.#####..##........!# #
.......#.#####.###.........# .##
.####..#.....÷..@5..†......# ....
...##.########.###.........#.....
....#..÷..###..###..............(
....#..##..)[....................
_.....#...#######..#####.##.....>
....#...### ##.## #.# ......
....#..#########..# #.# ......
...##.#..........## #.. ..5...
.####.#o......#### ##. ......


You could see Grinder.

Vanquished Creatures
  An adder (D:3)
  A worm (D:2)
  A dart slug (D:2)
  3 leopard geckos
  5 orcs (D:3)
  3 giant cockroaches
  12 goblins
  10 hobgoblins
  6 jackals
  3 kobolds
  A ball python (D:1)
  4 bats
  A frilled lizard (D:2)
  6 rats
57 creatures vanquished.

Notes
Turn   | Place    | Note
-------+----------+-------------------------------------------
     0 | D:1      | TheOrbIsALie the Demonspawn Wizard began the quest for the Orb.
     0 | D:1      | Reached XP level 1. HP: 13/13 MP: 4/4
   313 | D:1      | Reached skill level 2 in Conjurations
   344 | D:1      | Gained mutation: You have a pair of small horns on your head. [demonic ancestry]
   344 | D:1      | Reached XP level 2. HP: 19/19 MP: 0/6
   891 | D:2      | Found a radiant altar of Vehumet.
   990 | D:2      | Reached skill level 3 in Conjurations
  1011 | D:2      | Gained mutation: You sometimes gain a little power by taking damage. [demonic ancestry]
  1011 | D:2      | Reached XP level 3. HP: 24/24 MP: 2/7
  1495 | D:2      | Found a glowing silver altar of Zin.
  2045 | D:3      | Found a shattered altar of Ashenzari.
  2237 | D:3      | Noticed Grinder
  2259 | D:3      | Reached XP level 4. HP: 30/30 MP: 5/8
  2283 | D:3      | Reached skill level 4 in Conjurations
  2543 | D:3      | Learned a level 3 spell: Conjure Flame
  2547 | D:3      | Learned a level 3 spell: Mephitic Cloud
  2563 | D:3      | Paralysed by Grinder for 4 turns
  2568 | D:3      | Killed from afar by Grinder

Vault maps used:
D:1:      giann_wishing_wells, st_stairs_12, minmay_strange_pillars,
          serial_bayou_crossing
D:2:      vehumet_crystals, zin_academy, roderic_serpentine_path
D:3:      old_standard_altar, first_ration, uniq_grinder

Skill      XL: |  1  2  3  4 |
---------------+-------------+-----
Conjurations   | 2 3 4 |  4.2
Dodging        | |  1.7
Stealth        | |  1.7
Spellcasting   | |  3.0
Summonings     | |  1.0
Translocations | |  0.8

Action                   |  1- 3 |  4- 6 || total
-------------------------+-------+-------++-------
Melee: Unarmed           |    35 |     4 ||    39
       Headbutt          |     7 |       ||     7
 Cast: Magic Dart        |   110 |    27 ||   137
  Use: Potion            |       |     3 ||     3
  Eat: Chunk             |     4 |     1 ||     5
Armor: Robe              |    10 |     2 ||    12
Dodge: Dodged            |    37 |    15 ||    52

Table legend:
 A = Spawn XP
 B = Non-spawn XP
 C = Spawn XP percentage of total XP
 D = Spawn monster count
 E = Non-spawn monster count
 F = Spawn count percentage of total count
 G = Total turns spent on level
                    A         B        C        D         E        F      G
               +---------+---------+-------+---------+---------+-------+---------
         Total |       0 |     128 |   0.0 |       0 |      57 |   0.0 |  2568
               +---------+---------+-------+---------+---------+-------+---------
           D:1 |       0 |      24 |   0.0 |       0 |      14 |   0.0 |   811
           D:2 |       0 |      54 |   0.0 |       0 |      26 |   0.0 |  1144
           D:3 |       0 |      50 |   0.0 |       0 |      17 |   0.0 |   613
               +---------+---------+-------+---------+---------+-------+---------
